 Dungeon Crawl Stone Soup version 0.31-a0-744-gbc345e7fcb (webtiles) character file.

Game seed: 8155297665754575263

20 Bravepunisher the Ducker (level 2, -3/16 HPs)
             Began as a Spriggan Monk on Sept 13, 2023.
             Slain by an orc priest
             ... wielding a +0 club
              (4 damage)
             ... on level 4 of the Dungeon.
             The game lasted 00:02:36 (391 turns).

Bravepunisher the Ducker (Spriggan Monk)             Turns: 391, Time: 00:02:36

Health: -3/16      AC:  2    Str:  7    XL:     2   Next: 58%
Magic:  3/3        EV: 19    Int: 11    God:
Gold:   16         SH:  0    Dex: 17    Spells: 1/1 levels left

rFire   . . .        g - +1 dagger (freeze)
rCold   . . .        d - orb {light}
rNeg    . . .        b - +0 robe
rPois   .            (helmet restricted)
rElec   .            (no cloak)
rCorr   .            (gloves unavailable)
SInv    +            (boots unavailable)
Will    .....        (no amulet)
Stlth   +            (no ring)
HPRegen 0.22/turn    (no ring)
MPRegen 0.08/turn

%: no passive effects
@: glowing, very quick
A: very small, no large weapons, unfitting armour, see invisible, speed 3
a: no special abilities


You were on level 4 of the Dungeon.
You visited 1 branch of the dungeon, and saw 5 of its levels.

You collected 16 gold pieces.

Inventory:

Hand Weapons
 g - a +1 dagger of freezing (weapon)
Missiles
 f - 5 boomerangs
Armour
 b - a +0 robe (worn)
 d - an orb of light (worn)
Scrolls
 a - a scroll of torment {unknown}
Potions
 c - a potion of ambrosia
 e - a potion of degeneration {unknown}


   Skills:
 * Level 3.0 Fighting
 - Level 3.2 Short Blades
 + Level 4.4 Dodging


You had one spell level left.
You didn't know any spells.
Your spell library was empty.

Dungeon Overview and Level Annotations

Branches:
Dungeon (5/15)
 Temple: D:4-7

Altars:
Xom


Innate Abilities, Weirdness & Mutations

You are very small and have problems with some larger weapons.
You are too small for most types of armour.
You have supernaturally acute eyesight. (SInv)
You cover ground extremely quickly. (Speed+++)


Message History

An orc comes into view. It is wielding a +0 flail.
The orc shouts!
An orc priest comes into view. It is wielding a +0 club.
You hit the orc. You freeze the orc.
The orc is heavily wounded.
The orc hits you with a +0 hand axe.
You hit the orc. You freeze the orc.
You kill the orc!
Your Fighting skill increases to level 3!
The orc barely misses you.
Things that are here:
a +0 hand axe; a +0 ring mail; an orc corpse You hit the orc.
You freeze the orc.
The orc is heavily wounded.
The orc hits you with a +0 flail.
You hit the orc. You freeze the orc.
You kill the orc!
There is an open door here.
You close the door.
You start resting.
An orc priest opens the door.
It is wielding a +0 club.
The orc priest shouts!
The orc priest hits you with a +0 club.
There is an open door here.
You hit the orc priest but do no damage.
The orc priest casts a cantrip, but nothing happens.
You hit the orc priest. You freeze the orc priest.
The orc priest is moderately wounded.
The orc priest closely misses you.
You hit the orc priest. You freeze the orc priest.
The orc priest is heavily wounded.
You hit the orc priest. You freeze the orc priest.
The orc priest is almost dead.
The orc priest calls down the wrath of Beogh upon you.
Pain shoots through your body!
* * * LOW HITPOINT WARNING * * *
You hit the orc priest. You freeze the orc priest.
The orc priest is almost dead.
The orc priest hits you with a +0 club.
You die...

##########
##########........#
+.....>...........#
######.##.........#
###.....>......##
#...(.).........##
#.....#..........#
#.........o.))...#
#.....#.#@####.P.#
#.........# #.P.#
#....##.### #.P.#
......#...# #.P.#
####...#...# #.o.#
#...#<..# #...# ...
#...# #o♣.# #...#
#.♣.# #...# #?♣.#


You could see an orc priest.

Vanquished Creatures
  A dart slug (D:3)
  3 orcs
  2 bats (D:3)
  2 goblins
  2 quokkas (D:1)
  A ball python (D:1)
  2 kobolds
13 creatures vanquished.

Notes
Turn   | Place    | Note
-------+----------+-------------------------------------------
     0 | D:1      | Bravepunisher the Spriggan Monk began the quest for the
                  | Orb.
     0 | D:1      | Reached XP level 1. HP: 11/11 MP: 2/2
   186 | D:3      | Found a shimmering altar of Xom.
   218 | D:3      | Reached XP level 2. HP: 11/16 MP: 3/3
   337 | D:5      | Entered Level 5 of the Dungeon
   391 | D:4      | Slain by an orc priest

Illustrated notes

Levels and vault maps discovered:
D:1:      dpeg_arrival_orchard, layout_basic
D:2:      layout_rooms, kennysheep_nondescript, minmay_pentomino_z2
D:3:      minmay_diamond_boxcup, layout_rooms,
          mainiacjoe_overflow_six_doors_small, overflow_temple_1_default,
          shapermc_ecumenical_altar_petra
D:4:      layout_basic, mainiacjoe_overflow_boulevard,
          minmay_temple_entry_trees, gammafunk_ghost_grave, uniq_menkaure
D:5:      layout_loops_ring, lemuel_coloured_pillars_altar, uniq_ijyb

Skill      XL: |  1  2 |
---------------+-------+-----
Fighting       | 3 |  3.0
Short Blades   | |  3.2
Dodging        | |  4.4

Action                     || total
---------------------------++-------
  Melee: Short sword       ||    51
         Dagger            ||     9
 Armour: Robe              ||    24
  Dodge: Dodged            ||    55

Table legend: (Time is in decaauts)
 A = Elapsed time spent in this place.
 B = Non-inter-level travel time spent in this place.
 C = Inter-level travel time spent in this place.
 D = Time resting spent in this place.
 E = Time spent auto-exploring this place.
 F = Levels seen in this place.
 G = Mean time per level.
                   A        B        C        D        E       F      G
               +--------+--------+--------+--------+--------+-----+--------+
         Total |    268 |    268 |      0 |      6 |     45 |   5 |   53.6 |
       Dungeon |    268 |    268 |      0 |      6 |     45 |   5 |   53.6 |
               +--------+--------+--------+--------+--------+-----+--------+

Top non-repeatable levels by time:
     D:1: 101 daAuts
     D:3: 87 daAuts
     D:4: 58 daAuts
     D:2: 20 daAuts
     D:5: 1 daAuts
